 Dungeon Crawl Stone Soup version 0.30-a0-782-ge64f9170bb (webtiles) character file.

Game seed: 17837378245638846358

6437 Ijustatesigmund the Fighter (level 10, -12/151 HPs)
             Began as a Minotaur Fighter on Feb 24, 2023.
             Was a Follower of Ashenzari.
             Mangled by Snorg (16 damage)
             ... on level 9 of the Dungeon.
             The game lasted 00:12:02 (10124 turns).

Ijustatesigmund the Fighter (Minotaur Fighter)     Turns: 10124, Time: 00:12:02

Health: -12/151    AC: 25    Str: 26    XL:     10   Next: 67%
Magic:  9/9        EV:  2    Int:  5    God:    Ashenzari [*.....]
Gold:   1813       SH:  5    Dex:  9    Spells: 9/9 levels left

rFire   . . .      SeeInvis .    a - +2 war axe (venom)
rCold   . . .      Faith    .    c - +0 buckler
rNeg    . . .      Spirit   .    (body armour currently unavailable)
rPois   +          Reflect  .    (helmet currently unavailable)
rElec   .          Harm     .    (cloak currently unavailable)
rCorr   .          Rampage  .    (gloves currently unavailable)
Will    +....      NoTele   +    (boots currently unavailable)
Stlth   +                        t - amulet of the acrobat
HPRegen 0.45/turn                p - ring of Panopticon {Fly, Range, Bglg} (curse)
MPRegen 0.11/turn                e - ring of the Shackled Planets {Will+, Fort, Elem} (curse)

@: mighty, tree-form
A: stationary, stasis, torment immunity, boosted hp, (horns 2), (retaliatory
headbutt)
a: Renounce Religion, Shatter the Chains


You were on level 9 of the Dungeon.
You worshipped Ashenzari.
Ashenzari was aware of your devotion.
You were a tree.
You visited 2 branches of the dungeon, and saw 11 of its levels.

You collected 1813 gold pieces.

Inventory:

Hand Weapons
 a - a +2 war axe of venom (weapon)
Missiles
 l - 2 throwing nets (quivered)
Armour
 b - a +2 chain mail of positive energy (melded)
 c - a +0 buckler (worn)
 y - a +1 cloak (melded)
Jewellery
 e - the cursed ring of the Shackled Planets (right branch) {Will+, Fort, Elem}
   (You found it on level 4 of the Dungeon)

   [ring of willpower]

   Will:      It increases your willpower.
   It has a curse which improves the following skills: Fortitude: Armour and
   Shields.
   Elements:  Fire Magic, Ice Magic, Air Magic and Earth Magic.
 p - the cursed ring of Panopticon (left branch) {Fly, Range, Bglg}
   (You found it on level 2 of the Dungeon)

   [ring of flight]

   Fly:       It grants you flight.
   It has a curse which improves the following skills: Ranged Combat: Ranged
   Weapons and Throwing.
   Beguiling: Conjurations, Hexes and Translocations.
 t - an amulet of the acrobat (around neck)
 A - a ring of protection from fire
Wands
 k - a wand of iceblast (4)
 u - a wand of paralysis (9)
Scrolls
 j - 4 scrolls of amnesia
 n - 5 scrolls of teleportation
 z - 2 scrolls of immolation
Potions
 d - 5 potions of might
 f - 2 potions of mutation
 g - 3 potions of attraction
 i - a potion of haste
 m - a potion of ambrosia
 o - 2 potions of flight
 r - a potion of magic
 s - 2 potions of curing
 v - 2 potions of resistance
 w - a potion of cancellation
 x - a potion of brilliance


   Skills:
 - Level 13.0 Fighting
 + Level 8.6 Axes
 - Level 11.6(12.4) Armour
 + Level 6.5(7.4) Shields


You had 9 spell levels left.
You didn't know any spells.
Your spell library contained the following spells:

 Spells                   Type           Power      Damage    Failure   Level
 Slow                     Hex            0%         N/A       54%         1
 Sublimation of Blood     Necr           0%         N/A       69%         2
 Wereblood                Tmut           0%         N/A       69%         2
 Confusing Touch          Hex            0%         N/A       88%         3
 Inner Flame              Hex/Fire       0%         N/A       88%         3
 Vampiric Draining        Necr           0%         2d6       89%         3
 Flame Wave               Conj/Fire      0%         2d4       99%         4
 Manifold Assault         Tloc           0%         N/A       99%         4
 Sticky Flame             Conj/Fire      0%         2d3       99%         4
 Animate Dead             Necr           0%         N/A       100%        4
 Dispersal                Tloc           0%         N/A       100%        6
 Haunt                    Necr/Summ      0%         N/A       100%        7
 Summon Hydra             Summ           0%         N/A       100%        7
 Disjunction              Tloc           0%         N/A       100%        8
 Infestation              Necr           0%         N/A       100%        8
 Chain Lightning          Conj/Air       0%         N/A       100%        9
 Fire Storm               Conj/Fire      0%         5d1       100%        9
 Shatter                  Erth           0%         3d5*      100%        9


Dungeon Overview and Level Annotations

Branches:
Dungeon (10/15)            Temple (1/1) D:6            Lair (0/5) D:9
    Orc: D:9-12

Altars:
Ashenzari
Cheibriados
Dithmenos
Elyvilon
Gozag
Hepliaklqana
Kikubaaqudgha
Makhleb
Nemelex Xobeh
Okawaru
Qazlal
Ru
Sif Muna
Trog
Uskayaw
Vehumet
Wu Jian
Xom
Yredelemnul
Zin
The Shining One

Annotations:
D:5 3 runed translucent doors, DEFE's ghost, novice DsWn; Pascal76's ghost, amateur OgGl; Touch's ghost, amateur DsWr; TryHard88's ghost, amateur MiBe
D:9 2 transporters, Snorg
D:10 Grum


Innate Abilities, Weirdness & Mutations

You are a tree.
Your roots penetrate the ground, keeping you stationary.
You cannot be teleported.
You are immune to unholy pain and torment.
Your maximum health is greatly increased.
Your equipment is partially melded.
((You have a pair of horns on your head.))
((You reflexively headbutt those who attack you in melee.))


Message History

You fly upwards.
Level annotation: 2 transporters
There is a stone staircase leading down here.
You feel very mighty all of a sudden. Snorg bites you but does no damage.
Snorg barely misses you. Snorg claws you but does no damage. Snorg bites you!
* * * LOW HITPOINT WARNING * * *
Snorg claws you.
* * * LOW HITPOINT WARNING * * *
Snorg claws you.
* * * LOW HITPOINT WARNING * * *
Okay, then.
You feel much better. Snorg bites you.
* * * LOW HITPOINT WARNING * * *
Snorg claws you but does no damage. You block Snorg's attack.
You feel much better. Snorg barely misses you. Snorg claws you!
Snorg claws you but does no damage. Snorg bites you. Snorg claws you!
* * * LOW HITPOINT WARNING * * *
Snorg claws you.
* * * LOW HITPOINT WARNING * * *
Okay, then.
Aiming: Paralyse
Press: ? - help, Shift-Dir - straight line, f - Snorg
Aim: Snorg (lightly wounded, berserk, chance to affect: 17%)
Okay, then.
Really quaff the potion of lignification?
You turn into a tree.
Your +1 cloak melds into your body.
Your +2 chain mail of positive energy melds into your body.
You feel less protected from negative energy.
Your roots penetrate the ground.
Snorg completely misses you. Snorg claws you but does no damage.
Snorg claws you.
* * * LOW HITPOINT WARNING * * *
You barely miss Snorg.
Snorg is lightly wounded.
You block Snorg's attack. Snorg claws you but does no damage. Snorg claws you!
* * * LOW HITPOINT WARNING * * *
Snorg bites you but does no damage. Snorg claws you.
* * * LOW HITPOINT WARNING * * *
Snorg claws you!
You die...

...........#.....#...#.....#..#
...........#.....#...#.....#..#
.##........+.....#..##.....#..#
.##........#######..#......#..#
.##.................#......#..###
.##############.....########.....
.# #..........#..................
8# #####......#...######.........
########......#.♣.#....'.........
8#8...........#T..#....#.....#'#.
.#........##'##...#....#.....#.#.
©#©[....†##.......######.....#.#.
.#.....†.....................#.#†
8#8.....#+######............##.##
#########......##'####......#...#
8# #####............#......#._.#
.# #...#............#......#...#


You could see Snorg (berserk).

Vanquished Creatures
  Pikel (D:6)
  Maurice (D:8)
  A hornet (D:9)
  11 yaks
  A wyvern (D:9)
  Duvessa (D:6)
  A black bear (D:7)
  3 orc warriors
  A sky beast (D:7)
  2 ice beasts
  4 wolves (D:10)
  An ogre (D:5)
  A lemure (D:6)
  2 centaurs
  A phantom (D:7)
  4 bullfrogs
  A gnoll sergeant (D:9)
  A necrophage (D:6)
  4 wights (D:8)
  2 scorpions
  Dowan (D:6)
  12 killer bees (D:9)
  5 howler monkeys (D:8)
  2 gnoll boudas (D:4)
  4 orc priests
  A jelly (D:8)
  5 hounds
  7 iguanas
  8 orc wizards
  19 gnolls
  6 adders
  2 white imps
  2 worms (D:2)
  3 dart slugs
  26 orcs
  6 endoplasms
  2 giant cockroaches
  10 goblins
  5 hobgoblins
  A quokka (D:4)
  5 ball pythons
  4 frilled lizards
  5 kobolds
  3 rats
  A spectral kobold (D:8)
189 creatures vanquished.

Vanquished Creatures (others)
  An orc (D:8)
  A butterfly (D:6)
  3 demonic plants (D:10)
  190 plants (D:1)
195 creatures vanquished.

Grand Total: 384 creatures vanquished

Notes
Turn   | Place    | Note
-------+----------+-------------------------------------------
     0 | D:1      | Ijustatesigmund the Minotaur Fighter began the quest for
                  | the Orb.
     0 | D:1      | Reached XP level 1. HP: 19/19 MP: 0/0
   788 | D:1      | Reached XP level 2. HP: 27/27 MP: 1/1
  1004 | D:1      | Found a faded altar of an unknown god.
  1121 | D:2      | Reached XP level 3. HP: 29/33 MP: 2/2
  1126 | D:2      | Reached skill level 4 in Fighting
  1265 | D:2      | Found a snail-covered altar of Cheibriados.
  1447 | D:2      | Reached XP level 4. HP: 23/40 MP: 3/3
  2234 | D:3      | Found an ornate altar of the Wu Jian Council.
  2387 | D:3      | Reached XP level 5. HP: 17/47 MP: 4/4
  2747 | D:3      | Reached skill level 5 in Fighting
  3418 | D:4      | Reached skill level 6 in Fighting
  3418 | D:4      | Reached XP level 6. HP: 57/57 MP: 5/5
  4050 | D:4      | Reached skill level 7 in Fighting
  4423 | D:5      | Entered Level 5 of the Dungeon
  4434 | D:5      | Reached XP level 7. HP: 67/67 MP: 6/6
  4484 | D:5      | Reached skill level 8 in Fighting
  4484 | D:5      | Reached skill level 5 in Armour
  4667 | D:5      | Identified the +11 dagger of Udim {venom, rC+ Str+2}
  4801 | D:5      | Found a runed translucent gate.
  4802 | D:5      | Found a runed translucent gate.
  4802 | D:5      | Found a runed translucent gate.
  4803 | D:5      | Noticed DEFE's ghost (novice DsWn)
  4803 | D:5      | Noticed Touch's ghost (amateur DsWr)
  4803 | D:5      | Noticed Pascal76's ghost (amateur OgGl)
  4803 | D:5      | Noticed TryHard88's ghost (amateur MiBe)
  5029 | D:6      | Noticed Dowan
  5040 | D:6      | Killed Dowan
  5040 | D:6      | Noticed Duvessa
  5052 | D:6      | Killed Duvessa
  5053 | D:6      | Reached skill level 9 in Fighting
  5053 | D:6      | Reached XP level 8. HP: 8/78 MP: 7/7
  5459 | D:6      | Found a white marble altar of Elyvilon.
  5539 | D:6      | Noticed Pikel
  5547 | D:6      | Killed Pikel
  5548 | D:6      | Reached skill level 10 in Fighting
  5925 | D:6      | Found a staircase to the Ecumenical Temple.
  5935 | Temple   | Entered the Ecumenical Temple
  5940 | Temple   | Became a worshipper of Ashenzari the Shackled
  6211 | D:7      | Reached skill level 11 in Fighting
  6211 | D:7      | Reached XP level 9. HP: 80/89 MP: 8/8
  6215 | D:7      | Identified a scroll of acquirement
  6215 | D:7      | Acquired 1233 gold pieces
  6341 | D:7      | Found a hide-covered altar of Uskayaw.
  6470 | D:7      | Found a shimmering blue altar of Sif Muna.
  6471 | D:7      | Found a shimmering altar of Xom.
  6848 | D:8      | Reached skill level 10 in Armour
  7128 | D:8      | Reached skill level 12 in Fighting
  7569 | D:8      | Noticed Maurice
  7928 | D:8      | Killed Maurice
  8215 | D:8      | Found a hazy altar of Hepliaklqana.
  8360 | D:8      | Reached XP level 10. HP: 58/100 MP: 9/9
  8362 | D:8      | Reached skill level 13 in Fighting
  8765 | D:8      | Found an ancient bone altar of Kikubaaqudgha.
  8934 | D:9      | Found a transporter.
  8973 | D:9      | Reached skill level 5 in Axes
  9134 | D:9      | Found a basalt altar of Yredelemnul.
  9265 | D:9      | Reached * piety under Ashenzari
  9318 | D:9      | Paralysed by a hornet for 3 turns
  9488 | D:9      | Found a transporter.
  9555 | D:9      | Reached skill level 5 in Shields
  9622 | D:9      | Found a staircase to the Lair.
  9734 | D:9      | Found a transporter.
  9740 | D:9      | Found a transporter.
 10100 | D:10     | Entered Level 10 of the Dungeon
 10103 | D:10     | Noticed Grum
 10106 | D:10     | Noticed Snorg
 10114 | D:10     | Noticed a sixfirhy
 10124 | D:9      | HP: 4/151 [Snorg (5)]
 10124 | D:9      | Mangled by Snorg

Illustrated notes

Levels and vault maps discovered:
D:1:      roderic_crop_circles_arrival_small, layout_basic,
          chequers_ecumenical_altar_simple_redux
D:2:      layout_basic, serial_rivers, chequers_serial_rivers_small_b,
          chequers_serial_rivers_micro_d, chequers_serial_rivers_small_b,
          chequers_serial_rivers_micro_a, basic_altar, minmay_hexomino_p4
D:3:      layout_basic, nzn_wu_jian_contemplation, minivault_25,
          hangedman_decor_riveting, minmay_misc_feat_roman,
          kennysheep_generic_room_14
D:4:      layout_cave_pools, minmay_pentangle
D:5:      layout_basic, gammafunk_ghost_cemetery, hex_large
D:6:      layout_basic, nicolae_elyvilon_peaceful_grove,
          minmay_temple_entry_grid, chequers_serial_rivers_small_3,
          hangedman_decor_slide_cut, uniq_pikel, uniq_duvessa
D:7:      layout_loops_cross, chequers_temple_overflow_statue_of_worship
D:8:      layout_layer_cave, nicolae_hepliaklqana_monster_ancestors,
          kennysheep_mini, uniq_maurice
D:9:      layout_irregular_city, mainiacjoe_overflow_surrounded_room,
          dpeg_oklobed_lair, kennysheep_path_1, nicolae_diode_intersection
D:10:     layout_long_grid, fedhas_ov_isle_minmay, serial_demonic,
          serial_demonic_b, serial_demonic_b, serial_demonic_d,
          serial_demonic_g, serial_demonic_e, serial_demonic_f,
          serial_demonic_c, uniq_grum, uniq_snorg
Temple:   nicolae_temple_ecumenical_triangle

Skill      XL: |  1  2  3  4  5  6  7  8  9 10 |
---------------+-------------------------------+-----
Axes           | 3 4 8 |  8.6
Shields        | 4 6 |  6.5
Fighting       | 4 6 7 9 11 12 13 | 13.0
Armour         | 4 6 9 11 | 11.6

Action                     |  1- 3 |  4- 6 |  7- 9 | 10-12 || total
---------------------------+-------+-------+-------+-------++-------
  Melee: War axe           |   325 |   122 |   216 |    80 ||   743
         Headbutt          |    93 |    17 |    45 |    18 ||   173
 Invoke: Curse Item        |       |       |     1 |     1 ||     2
    Use: Scroll            |       |    13 |     8 |       ||    21
         Potion            |       |       |     2 |     5 ||     7
 Armour: Scale mail        |    28 |    37 |       |       ||    65
         Chain mail        |       |       |   122 |    88 ||   210
         Skin              |       |       |       |     3 ||     3
  Dodge: Dodged            |    41 |    56 |   133 |    54 ||   284
  Block: Buckler           |    11 |    35 |    52 |    39 ||   137

Table legend: (Time is in decaauts)
 A = Elapsed time spent in this place.
 B = Non-inter-level travel time spent in this place.
 C = Inter-level travel time spent in this place.
 D = Time resting spent in this place.
 E = Time spent auto-exploring this place.
 F = Levels seen in this place.
 G = Mean time per level.
                   A        B        C        D        E       F      G
               +--------+--------+--------+--------+--------+-----+--------+
         Total |  10397 |  10037 |    360 |   2385 |   5789 |  11 |  945.2 |
       Dungeon |  10344 |   9995 |    349 |   2385 |   5754 |  10 | 1034.4 |
        Temple |     52 |     42 |     10 |      0 |     35 |   1 |   52.0 |
               +--------+--------+--------+--------+--------+-----+--------+

Top non-repeatable levels by time:
     D:8: 1689 daAuts
     D:1: 1326 daAuts
     D:6: 1259 daAuts
     D:3: 1257 daAuts
     D:9: 1199 daAuts
     D:7: 1092 daAuts
     D:4: 1078 daAuts
     D:2: 932 daAuts
     D:5: 489 daAuts
  Temple: 52 daAuts
    D:10: 19 daAuts
